 Dungeon Sprint DCSS version 0.19-a0-1672-g679cadd (webtiles) character file.

58 George the Skirmisher (level 3, -14/37 HPs)
             Began as a Minotaur Fighter on Sept 22, 2016.
             Splashed by an oklob sapling's acid (16 damage)
             ... in the Dungeon (Sprint IV: "Fedhas' Mad Dash").
             The game lasted 00:00:48 (205 turns).

George the Skirmisher (Minotaur Fighter)             Turns: 205, Time: 00:00:49

Health: -14/37     AC:  7    Str: 20    XL:     3   Next: 75%
Magic:  2/2        EV:  7    Int:  5    God:
Gold:   24         SH: 10    Dex: 10    Spells: 0 memorised, 2 levels left

rFire  . . .     SeeInvis .     a - +0 trident
rCold  . . .     Gourm    .     b - +0 scale mail
rNeg   . . .     Faith    .     c - +0 shield
rPois  .         Spirit   .     (helmet restricted)
rElec  .         Dismiss  .     (no cloak)
rCorr  .         Reflect  .     (no gloves)
MR     .....     Harm     .     (no boots)
Stlth  .......... NoTele   +    n - amulet of invisibility {+Inv}
                                (no ring)
                                (no ring)

@: no status effects
A: retaliatory headbutt, horns 2
a: Evoke Invisibility


You were in the Dungeon.
You were not hungry.

You visited 1 branch You collected 24 gold pieces.

Inventory:

Hand Weapons
 a - a +0 trident (weapon)
Armour
 b - a +0 scale mail (worn)
 c - a +0 shield (worn)
Jewellery
 n - the amulet of invisibility (around neck) {+Inv}
   (You found it in the Dungeon)

   [amulet of nothing]

   It lets you turn invisible.
Scrolls
 k - a scroll of blinking
 m - 3 scrolls of identify {unknown}
Potions
 d - a potion of might
 e - a potion of curing
 g - a potion of heal wounds
 h - a potion of haste
 i - 2 potions of magic
 j - a potion of berserk rage
 l - a potion of brilliance {unknown}
Comestibles
 f - a bread ration


   Skills:
 + Level 5.9 Fighting
 + Level 4.8 Polearms
 + Level 5.6 Armour
 + Level 5.7 Shields


You had 2 spell levels left.
You didn't know any spells.

Dungeon Overview and Level Annotations

Branches:
Dungeon (1/1)

Altars:
Cheibriados
Gozag
Hepliaklqana
Makhleb
Nemelex Xobeh
Ru
Sif Muna
Trog
Xom
Yredelemnul
Beogh
Jiyva

Annotations:
D exclusion: 2 oklob saplings


Innate Abilities, Weirdness & Mutations

You reflexively headbutt those who attack you in melee.
You have a pair of horns on your head.


Message History

Press: ? - help, Dir - move target cursor, f/p - oklob sapling
Aim: an oklob sapling You reach to attack!
You hit the oklob sapling.
The oklob sapling is severely damaged.
Attack whom?
Press: ? - help, Dir - move target cursor, f/p - oklob sapling
Aim: an oklob sapling (severely damaged)
You reach to attack!
You hit the oklob sapling but do no damage.
The oklob sapling is severely damaged.
Attack whom?
Press: ? - help, Dir - move target cursor, f/p - oklob sapling
Aim: an oklob sapling (severely damaged)
You reach to attack!
You hit the oklob sapling.
The oklob sapling is almost destroyed.
The oklob sapling spits acid at you. The splash of acid hits you!
* * * LOW HITPOINT WARNING * * *
You are splashed with acid!
The acid burns!
You die...

#########################
#<..P#.....#.....#.⌠._._.
#PP..'.....'.#.(.'.._._._
#PPPP#.†...#.#...#..._._P
###############@##.._._._
+...#.⌠._._. #$P$########
#####


You could see an oklob sapling.

Vanquished Creatures
  An oklob sapling (D)
  A worker ant (D)
  A river rat (D)
  A rat (D)
4 creatures vanquished.

Notes
Turn   | Place    | Note
-------+----------+-------------------------------------------
     0 | D        | George the Minotaur Fighter began the quest for the Orb.
     0 | D        | Reached XP level 1. HP: 19/19 MP: 0/0
     7 | D        | Reached XP level 2. HP: 28/28 MP: 1/1
    15 | D        | Noticed an oklob sapling
    20 | D        | Killed an oklob sapling
    20 | D        | Reached skill level 5 in Fighting
    20 | D        | Reached skill level 5 in Armour
    20 | D        | Reached skill level 5 in Shields
    20 | D        | Reached XP level 3. HP: 36/36 MP: 2/2
   196 | D        | Found an opulent altar of Gozag.
   196 | D        | Found a hazy altar of Hepliaklqana.
   196 | D        | Found a burning altar of Makhleb.
   196 | D        | Found a roughly hewn altar of Beogh.
   196 | D        | Found a sparkling altar of Nemelex Xobeh.
   196 | D        | Found a snail-covered altar of Cheibriados.
   196 | D        | Found a sacrificial altar of Ru.
   196 | D        | Found a deep blue altar of Sif Muna.
   196 | D        | Found a shimmering altar of Xom.
   196 | D        | Found a basalt altar of Yredelemnul.
   197 | D        | Found a viscous altar of Jiyva.
   197 | D        | Found a bloodstained altar of Trog.
   197 | D        | Noticed an oklob sapling priest
   199 | D        | Noticed an oklob sapling
   205 | D        | Splashed by an oklob sapling's acid

Vault maps used:
D:        dungeon_sprint_fedhas

Skill      XL: |  1  2 |
---------------+-------+-----
Fighting       | 4 5 |  5.9
Polearms       | 3 4 |  4.8
Armour         | 4 5 |  5.6
Shields        | 4 5 |  5.7

Action                   || total
-------------------------++-------
Melee: Trident           ||    21
       Headbutt          ||     2
Armor: Scale mail        ||     1
Dodge: Dodged            ||     3
Block: Shield            ||     8
